Zazza, lawful female dwarven Valkyrie --- ---.--- |....... |......i --....@......... |..............- ---.--........%| ......| ......|. .G...... .....)-- ......| ..| Zazza the Skirmisher Experience level: 5 Strength: 18/03 Dexterity: 11 Constitution: 18 Intelligence: 11 Wisdom: 8 Charisma: 8 Health: 0(52) Energy: 10(10) Def: 4 Gold: 512 Moves: 2971 Dungeon seed: 0GEDJYJA7jfPVM9V Game ID: Zazza_1527422275 Your Inventory: Coins $ - 512 gold pieces Weapons a - a +1 long sword (weapon in hand) b - a +0 dagger f - a +0 orcish dagger i - 6 +0 darts j - a +0 dwarvish spear p - 11 +0 arrows u - a +0 spear v - a +0 knife C - a +0 aklys I - 11 cursed +1 darts J - 6 cursed +0 darts K - a cursed +0 elven dagger Armor e - an uncursed +3 small shield (being worn) n - an uncursed +0 orcish helm L - a cursed +0 orcish helm M - a cursed +0 cloak of magic resistance U - an uncursed +0 banded mail V - an uncursed +0 dwarvish cloak W - an uncursed +0 pair of iron shoes Y - a cursed +0 leather armor Comestibles A - 8 uncursed food rations Scrolls m - an uncursed scroll of enchant armor x - an uncursed scroll of remove curse B - an uncursed scroll of fire Spellbooks t - an uncursed spellbook of magic missile Potions h - an uncursed potion of fruit juice l - an uncursed potion of oil Rings E - a cursed ring of see invisible F - a cursed ring of conflict G - a cursed ring of slow digestion Wands s - a wand of create monster (0:11) w - a wand of light (0:13) D - a cursed wand of light (0:11) H - a wand of death (0:7) Tools d - an uncursed oil lamp (0:1258) k - an uncursed tin whistle O - a cursed bag of holding P - 6 cursed tallow candles (0:200) Q - a cursed magic marker (0:93) Gems q - an uncursed worthless piece of orange glass y - 2 uncursed worthless pieces of yellowish brown glass z - an uncursed amber stone N - 2 uncursed worthless pieces of green glass R - a cursed aquamarine stone S - 2 cursed worthless pieces of orange glass T - a cursed worthless piece of white glass X - an uncursed jasper stone Contents of the bag of holding: 253 gold pieces an uncursed scroll of earth a blessed scroll of food detection an uncursed scroll of food detection an uncursed scroll of magic mapping a blessed scroll of teleportation an uncursed spellbook of cause fear a blessed spellbook of force bolt an uncursed potion of confusion an uncursed potion of fruit juice an uncursed potion of gain ability an uncursed potion of monster detection an uncursed potion of oil Spells and supernatural/magical abilities: Name Level Category Fail Memory W - pray for help -- divine ? -- Your skills at the end: Fighting Skills Weapon Skills dagger [Basic] long sword [Basic] Spellcasting Skills Final Attributes: You were piously aligned. You were cold resistant. You had infravision. You were stealthy. You are dead. Vanquished creatures: a ghost a kitten a werejackal an iguana 10 manes 2 giant rats 2 cave spiders 2 yellow molds a gnome 2 geckos 7 jackals a kobold 4 goblins a sewer rat 4 grid bugs 3 bats 3 lichens a kobold zombie 9 newts 56 creatures vanquished. Voluntary challenges: You had been an atheist until turn 2410. You used a wielded weapon 54 times, starting on turn 43. You read items or engraved 1 time, starting on turn 2937. You never genocided any monsters. You never polymorphed an object. You never changed form. You used no wishes. You never split a pudding. You never wrote Elbereth's name. You never violated your personal moral code. Dungeon overview: The Dungeons of Doom: levels 1 to 5 Level 1 a long staircase Level 2 a fountain stairs to The Gnomish Mines Level 3 a potion shop, a fountain Level 4 Level 5 The Gnomish Mines: levels 3 to 4 Level 3 stairs to The Dungeons of Doom Level 4 <- You were here History has recorded: On T:1 you entered the Dungeons of Doom to retrieve the Amulet of Yendor! On T:414 you advanced to experience level 2. On T:545 you reached level 2 of The Dungeons of Doom. On T:1122 you reached level 3 of The Dungeons of Doom. On T:1402 you advanced to experience level 3. On T:1558 you reached level 4 of The Dungeons of Doom. On T:1915 you reached level 5 of The Dungeons of Doom. On T:2253 you advanced to experience level 4. On T:2641 you reached level 1 of The Gnomish Mines. On T:2787 you reached level 2 of The Gnomish Mines. On T:2850 you advanced to experience level 5. Score breakdown: Gold: 765 ( 9811 points) Experience: 5 levels (11141 points) Exploration: 5 levels ( 10.87%) ( 8944 points) Discoveries: 3 items ( 1.22%) ( 3319 points) Valuables value: (no points given unless you survive) Artifact value: 0 ( 0 points) Variety of kills: 19 monsters ( 4.99%) ( 6699 points) Turncount: 2971 turns ( -585 points) Survival: died (score multiplied by 80%) Total score: 31463 Latest messages: You miss the imp. The imp hits! (2x) You miss the imp. The imp misses. The imp hits! You miss the imp. The imp hits! (2x) You miss the imp. The imp hits! (2x) You miss the imp. The imp hits! (2x) You miss the imp. The imp hits! (2x) You miss the imp. The imp hits! (2x) You have so little stamina, the ruby potion drops from your grasp. A ruby potion hits the floor. A ruby potion shatters! You smell a peculiar odor... You have a momentary vision. The imp hits! You die... Final status: Farvel Zazza the Valkyrie, killed by an imp... You died in The Gnomish Mines on dungeon level 4 with 31463 points, and 765 pieces of gold, after 2971 moves. You were level 5 with a maximum of 52 hit points when you died.